 Dungeon Crawl Stone Soup version 0.28-a0-1412-gf95308ed99 (webtiles) character file.

Game seed: 2405258808822602585

66 Demosthentine the Skirmisher (level 3, -1/29 HPs)
             Began as a Demonspawn Abyssal Knight on Jan 7, 2022.
             Was a Follower of Lugonu.
             Slain by an adder (4 damage)
             ... on level 2 of the Dungeon.
             The game lasted 00:01:27 (1540 turns).

Demosthentine the Skirmisher (DsAK)                 Turns: 1540, Time: 00:01:27

Health: -1/29      AC:  3    Str: 15    XL:     3   Next: 96%
Magic:  5/5        EV: 11    Int: 11    God:    Lugonu [*.....]
Gold:   97         SH:  4    Dex: 13    Spells: 2/2 levels left

rFire   . . .      SeeInvis .   a - +1 spear
rCold   . . .      Faith    .   (no shield)
rNeg    . . .      Spirit   .   b - +0 leather armour
rPois   .          Reflect  .   (no helmet)
rElec   .          Harm     .   (no cloak)
rCorr   .          Rampage  .   (no gloves)
Will    .....                   (no boots)
Stlth   +.........              (no amulet)
HPRegen 0.09/turn               (no ring)
MPRegen 0.09/turn               (no ring)

@: lethally poisoned (-1 -> -6)
A: condensation shield, demonic magic 1
a: Renounce Religion, Depart the Abyss


You were on level 2 of the Dungeon.
You worshipped Lugonu.
Lugonu was aware of your devotion.
You visited 1 branch of the dungeon, and saw 2 of its levels.
You visited the Abyss 1 time.

You collected 97 gold pieces.

Inventory:

Hand Weapons
 a - a +1 spear (weapon)
Armour
 b - a +0 leather armour (worn)
Jewellery
 e - a +6 ring of intelligence
 i - an amulet of magic regeneration
Wands
 g - a wand of flame (19)
Potions
 c - a potion of attraction
 d - 2 potions of mutation


   Skills:
 + Level 3.4 Fighting
 + Level 2.3 Polearms
 + Level 2.3 Armour
 + Level 1.7 Dodging
 + Level 3.3 Invocations


You had 2 spell levels left.
You didn't know any spells.
Your spell library was empty.

Dungeon Overview and Level Annotations

Branches:
Dungeon (2/15)

Altars:


Innate Abilities, Weirdness & Mutations

A meltable shield of frost defends you. (SH +4)
Spells you cast may paralyse adjacent enemies.


Message History

The adder is heavily wounded.
You feel sick. The adder bites you.
You are lethally poisoned!
The adder poisons you!
There is a lethal amount of poison in your body!
You are too injured to fight recklessly!
You miss the adder.
The adder is heavily wounded.
You feel sick. The adder bites you but does no damage.
It was a potion of heal wounds.
You feel much better.
You feel sick. The adder bites you. x2
Unknown command.
You hit the adder.
The adder is severely wounded.
You feel sick. The adder bites you but does no damage.
You aren't in the Abyss!
Unknown command.
You barely miss the adder.
The adder is severely wounded.
You feel sick. The adder bites you but does no damage.
You barely miss the adder.
The adder is severely wounded.
You feel sick. The adder completely misses you.
You closely miss the adder.
The adder is severely wounded.
You feel sick. The adder bites you.
You are more poisoned.
The adder poisons you! The adder bites you.
You barely miss the adder.
The adder is severely wounded.
* * * LOW HITPOINT WARNING * * *
You feel sick. The adder bites you.
* * * LOW HITPOINT WARNING * * *
Unknown command.
Okay, then.
You miss the adder.
The adder is severely wounded.
* * * LOW HITPOINT WARNING * * *
You feel sick. The adder bites you.
You die...

.... #. #....# #. #
#..... #. .. #...# #. #
#.### #...# #. ...
...#####...########.
#..##............(.....
#......................
#S@...............)
#.###.#...#.##..... #.
#.#...#.###.... ..
#.#...#.# ##... ###
#.#.รท.#.####...
#.#..........## #####
#.......####.## #.#.#
####.#.#####.##
#P#.######......##.#


You could see an adder.

Vanquished Creatures
  Jessica (D:2)
  2 dart slugs (D:1)
  3 endoplasms
  A giant cockroach (D:1)
  3 goblins (D:1)
  A hobgoblin (D:1)
  4 jackals (D:1)
  4 kobolds
  2 quokkas (D:1)
  5 ball pythons
  4 bats
  2 frilled lizards
  3 rats (D:1)
35 creatures vanquished.

Notes
Turn   | Place    | Note
-------+----------+-------------------------------------------
     0 | Abyss:1  | Demosthentine the Demonspawn Abyssal Knight began the quest
                  | for the Orb.
     0 | Abyss:1  | Reached XP level 1. HP: 18/18 MP: 2/2
    41 | Abyss:1  | Found a corrupted altar of Lugonu.
    66 | D:1      | Escaped the Abyss
    96 | D:1      | Reached skill level 1 in Dodging
   276 | D:1      | Gained mutation: Spells you cast may paralyse adjacent
                  | enemies. [demonic ancestry]
   276 | D:1      | Reached XP level 2. HP: 24/24 MP: 4/4
   356 | D:1      | Reached * piety under Lugonu
   796 | D:1      | Gained mutation: A meltable shield of frost defends you.
                  | (SH +4) [demonic ancestry]
   796 | D:1      | Reached XP level 3. HP: 14/29 MP: 5/5
  1073 | D:1      | Found a faded altar of an unknown god.
  1221 | D:2      | Noticed Jessica
  1228 | D:2      | Killed Jessica
  1540 | D:2      | Slain by an adder

Illustrated notes

Levels and vault maps discovered:
D:1:      nzn_arrival_crosshair, layout_rooms, ebering_ecumenical_altar_rust,
          minmay_tall_x
D:2:      layout_loops_cross, serial_aquarium, aquarium_bridge_square
          [aquarium_subvault_bridge, aquarium_subvault_wall,
          aquarium_subvault_bridge, aquarium_subvault_bridge],
          aquarium_window_1, aquarium_window_fake, aquarium_window_fake,
          aquarium_window_corner, aquarium_view_2d, aquarium_view_2e,
          aquarium_pool_split, uniq_crazy_yiuf_cottage, uniq_jessica

Skill      XL: |  1  2 |
---------------+-------+-----
Dodging        | 1 |  1.7
Polearms       | 2 |  2.3
Armour         | 2 |  2.3
Invocations    | 3 |  3.3
Fighting       | |  3.4

Action                   || total
-------------------------++-------
Melee: Spear             ||   118
       Punch             ||     1
Invok: Depart the Abyss  ||     1
  Use: Scroll            ||     3
       Potion            ||     1
 Stab: Sleeping          ||     1
Armor: Leather armour    ||    37
Dodge: Dodged            ||    51
Block: Other             ||     7

Table legend: (Time is in decaauts)
 A = Elapsed time spent in this place.
 B = Non-inter-level travel time spent in this place.
 C = Inter-level travel time spent in this place.
 D = Time resting spent in this place.
 E = Time spent auto-exploring this place.
 F = Levels seen in this place.
 G = Mean time per level.
                   A        B        C        D        E       F      G
               +--------+--------+--------+--------+--------+-----+--------+
         Total |   1539 |   1539 |      0 |      0 |   1293 |   3 |  513.0 |
       Dungeon |   1473 |   1473 |      0 |      0 |   1233 |   2 |  736.5 |
         Abyss |     66 |     66 |      0 |      0 |     60 |   1 |   66.0 |
               +--------+--------+--------+--------+--------+-----+--------+

Top non-repeatable levels by time:
     D:1: 1097 daAuts
     D:2: 375 daAuts
 Abyss:1: 66 daAuts
